SAAA
VERMONT LAKE MONSTERS @ BRINKLEY BELUGAS
07/25/2034
 
TOP OF THE 1ST
Vermont Lake Monsters batting - Pitching for Brinkley Belugas : LHP Gertjan van Hulst
Pitching: LHP Gertjan van Hulst
Batting: RHB José Xirau 0-0: Called Strike
0-1: Ball
1-1: Ball
2-1: Foul Ball, location: 2F
2-2: Ground out 1-3 (Groundball, P)
Batting: RHB Gabe Cain 0-0: Called Strike
0-1: Swinging Strike
0-2: Strikes out swinging
Batting: RHB Ricardo Téllez 0-0: SINGLE (Groundball, 56D)
Batting: RHB Hsi-men King 0-0: Called Strike
Ricardo Téllez steals 2nd base
0-1: Ball
1-1: Ball
2-1: Swinging Strike
2-2: Fly out, F7 (Flyball, 7LM)
Top of the 1st over - 0 runs, 1 hit, 0 errors, 1 left on base; Vermont 0 - Brinkley 0
BOTTOM OF THE 1ST
Brinkley Belugas batting - Pitching for Vermont Lake Monsters : RHP Santo Velazco
Pitching: RHP Santo Velazco
Batting: RHB Ronald Comejo 0-0: Ball
1-0: Foul Ball, location: 2F
1-1: Foul Ball, location: 2F
1-2: SINGLE (Line Drive, 89S)
Batting: RHB Wu-shiun Wang 0-0: Ball
1-0: Called Strike
1-1: Foul Ball, location: 2F
1-2: Ball
2-2: Strikes out looking
Batting: LHB Travis Towns 0-0: Ball
1-0: Ball
2-0: Ball
3-0: Base on Balls
Ronald Comejo to second
Batting: RHB Guy Toussaint 0-0: Called Strike
Ronald Comejo steals 3rd base
0-1: Swinging Strike
0-2: Foul Ball, location: 2F
0-2: Foul Ball, location: 2F
0-2: Foul Ball, location: 2F
0-2: Strikes out swinging
Batting: LHB Mario Nieves 0-0: Called Strike
0-1: Foul Ball, location: 2F
0-2: Strikes out looking
Bottom of the 1st over - 0 runs, 1 hit, 0 errors, 2 left on base; Vermont 0 - Brinkley 0
TOP OF THE 2ND
Vermont Lake Monsters batting - Pitching for Brinkley Belugas : LHP Gertjan van Hulst
Batting: LHB Sébastien Cornu 0-0: Called Strike
0-1: Ball
1-1: Ball
2-1: Ball
3-1: Called Strike
3-2: Base on Balls
Batting: RHB Marcel Roks 0-0: Called Strike
0-1: Ball
1-1: SINGLE (Groundball, 56D)
Sébastien Cornu to second
Batting: RHB Jason Slaybaugh 0-0: Ball
1-0: Ball
2-0: Grounds into double play, 1-4-3 (Groundball, 15S)
Sébastien Cornu to third
Batting: RHB Ramón Soto 0-0: Called Strike
0-1: Foul Ball, location: 2F
0-2: Strikes out looking
Top of the 2nd over - 0 runs, 1 hit, 0 errors, 1 left on base; Vermont 0 - Brinkley 0
BOTTOM OF THE 2ND
Brinkley Belugas batting - Pitching for Vermont Lake Monsters : RHP Santo Velazco
Batting: RHB Hyeon-cheong Kim 0-0: Ball
1-0: Called Strike
1-1: Foul Ball, location: 2F
1-2: Foul Ball, location: 2F
1-2: Foul Ball, location: 2F
1-2: Fly out, F9 (Flyball, 9)
Batting: RHB Andy Putman 0-0: Ball
1-0: Ball
2-0: Called Strike
2-1: Called Strike
2-2: TRIPLE (Flyball, 89XD)
Batting: LHB Weston Doyle 0-0: Ball
1-0: Fly out, F9 (Flyball, 9D)
Runner from 3rd tags up, SCORES, no throw
Batting: RHB Rio Clark 0-0: Ball
1-0: Foul Ball, location: 2F
1-1: Called Strike
1-2: Foul Ball, location: 2F
1-2: Ball
2-2: Foul Ball, location: 2F
2-2: Ball
3-2: Strikes out swinging
Bottom of the 2nd over - 1 run, 1 hit, 0 errors, 0 left on base; Vermont 0 - Brinkley 1
TOP OF THE 3RD
Vermont Lake Monsters batting - Pitching for Brinkley Belugas : LHP Gertjan van Hulst
Batting: RHB Cosmo Castanhedo 0-0: Ground out 4-3 (Groundball, 4)
Batting: RHB José Xirau 0-0: SINGLE (Groundball, 6MD)
Batting: RHB Gabe Cain 0-0: Ball
1-0: Called Strike
1-1: Ball
2-1: Fielders Choice at 2nd, 5-4 (Groundball, 5L)
Batting: RHB Ricardo Téllez 0-0: Ball
1-0: Ball
2-0: Fly out, F8 (Flyball, 8LXD)
Top of the 3rd over - 0 runs, 1 hit, 0 errors, 1 left on base; Vermont 0 - Brinkley 1
BOTTOM OF THE 3RD
Brinkley Belugas batting - Pitching for Vermont Lake Monsters : RHP Santo Velazco
Batting: RHB Ronald Comejo 0-0: Foul Ball, location: 2F
0-1: Ball
1-1: Ground out 5-3 (Groundball, 5)
Batting: RHB Wu-shiun Wang 0-0: Ball
1-0: Ball
2-0: Foul Ball, location: 2F
2-1: Ball
3-1: Called Strike
3-2: Foul Ball, location: 2F
3-2: Fly out, F6 (Line Drive, 6M)
Batting: LHB Travis Towns 0-0: Ground out 1-6-3 (Groundball, 15S)
Bottom of the 3rd over - 0 runs, 0 hits, 0 errors, 0 left on base; Vermont 0 - Brinkley 1
TOP OF THE 4TH
Vermont Lake Monsters batting - Pitching for Brinkley Belugas : LHP Gertjan van Hulst
Batting: RHB Hsi-men King 0-0: Ball
1-0: SINGLE (Groundball, 56D)
Batting: LHB Sébastien Cornu 0-0: Fly out, F9 (Flyball, 89D)
Batting: RHB Marcel Roks 0-0: Ball
1-0: Foul Ball, location: 2F
1-1: Foul Ball, location: 2F
1-2: Strikes out swinging
Batting: RHB Jason Slaybaugh 0-0: DOUBLE (Flyball, 8RD)
Hsi-men King to third
Runner from 3rd tries for Home, SAFE, no throw
Batting: RHB Ramón Soto 0-0: Called Strike
0-1: Called Strike
0-2: Ball
1-2: Fly out, F8 (Flyball, 8LS)
Top of the 4th over - 1 run, 2 hits, 0 errors, 1 left on base; Vermont 1 - Brinkley 1
BOTTOM OF THE 4TH
Brinkley Belugas batting - Pitching for Vermont Lake Monsters : RHP Santo Velazco
Batting: RHB Guy Toussaint 0-0: Called Strike
0-1: Called Strike
0-2: Ball
1-2: Ball
2-2: SINGLE (Groundball, 6MD)
Batting: LHB Mario Nieves 0-0: Called Strike
0-1: Ball
1-1: Called Strike
1-2: Fielders Choice at 2nd, 1-4 (Groundball, 15S)
Batting: RHB Hyeon-cheong Kim 0-0: Called Strike
0-1: Ball
1-1: Ball
2-1: Foul Ball, location: 2F
2-2: Strikes out swinging
Batting: RHB Andy Putman 0-0: Ball
1-0: Ball
2-0: Ball
3-0: Called Strike
3-1: Fly out, F6 (Line Drive, 56)
Bottom of the 4th over - 0 runs, 1 hit, 0 errors, 1 left on base; Vermont 1 - Brinkley 1
TOP OF THE 5TH
Vermont Lake Monsters batting - Pitching for Brinkley Belugas : LHP Gertjan van Hulst
Batting: RHB Cosmo Castanhedo 0-0: Ball
1-0: Foul Ball, location: 2F
1-1: Called Strike
1-2: Foul Ball, location: 2F
1-2: Strikes out swinging
Batting: RHB José Xirau 0-0: Called Strike
0-1: Called Strike
0-2: Single, Error in OF, E7, batter to second base
Batting: RHB Gabe Cain 0-0: Fly out, F9 (Line Drive, 9)
Batting: RHB Ricardo Téllez 0-0: Ball
1-0: Foul Ball, location: 2F
1-1: Ground out 5-3 (Groundball, 56S)
Top of the 5th over - 0 runs, 1 hit, 1 error, 1 left on base; Vermont 1 - Brinkley 1
BOTTOM OF THE 5TH
Brinkley Belugas batting - Pitching for Vermont Lake Monsters : RHP Santo Velazco
Batting: LHB Weston Doyle 0-0: Ball
1-0: Fly out, F9 (Flyball, 9LD)
Batting: RHB Rio Clark 0-0: Ball
1-0: Ball
2-0: Foul Ball, location: 2F
2-1: SINGLE (Groundball, 6MD)
Batting: RHB Ronald Comejo 0-0: Foul Ball, location: 2F
0-1: Called Strike
0-2: Foul Ball, location: 2F
0-2: SINGLE (Line Drive, 4D)
Rio Clark to second
Batting: RHB Wu-shiun Wang 0-0: Ball
1-0: Ball
2-0: Swinging Strike
2-1: Foul Ball, location: 2F
2-2: Strikes out swinging
Batting: LHB Travis Towns 0-0: Ball
1-0: Ball
2-0: Ball
3-0: Ground out 4-3 (Groundball, 4)
Bottom of the 5th over - 0 runs, 2 hits, 0 errors, 2 left on base; Vermont 1 - Brinkley 1
TOP OF THE 6TH
Vermont Lake Monsters batting - Pitching for Brinkley Belugas : LHP Gertjan van Hulst
Batting: RHB Hsi-men King 0-0: Called Strike
0-1: Ball
1-1: Called Strike
1-2: SOLO HOME RUN (Flyball, 7D), Distance : 398 ft
Batting: LHB Sébastien Cornu 0-0: Ball
1-0: SOLO HOME RUN (Flyball, 9D), Distance : 449 ft
Batting: RHB Marcel Roks 0-0: Called Strike
0-1: SINGLE (Line Drive, 4MD)
Batting: RHB Jason Slaybaugh 0-0: Fly out, F7 (Flyball, 78M)
Batting: RHB Ramón Soto 0-0: Fly out, F9 (Flyball, 89M)
Batting: RHB Cosmo Castanhedo 0-0: Ball
1-0: Ball
2-0: Ball
3-0: Base on Balls
Marcel Roks to second
Batting: RHB José Xirau 0-0: Ball
1-0: Ball
2-0: SINGLE (Groundball, 6MD)
Marcel Roks to third
Cosmo Castanhedo to second
Runner from 3rd tries for Home, SAFE, no throw
Batting: RHB Gabe Cain 0-0: Ball
1-0: SINGLE (Groundball, 4MD)
Cosmo Castanhedo to third
José Xirau to second
Runner from 3rd tries for Home, SAFE, throw made home
Batting: RHB Ricardo Téllez 0-0: Ball
1-0: Foul Ball, location: 2F
1-1: Ball
2-1: Ball
3-1: Swinging Strike
3-2: Fly out, F7 (Flyball, 78D)
Top of the 6th over - 4 runs, 5 hits, 0 errors, 2 left on base; Vermont 5 - Brinkley 1
BOTTOM OF THE 6TH
Brinkley Belugas batting - Pitching for Vermont Lake Monsters : RHP Santo Velazco
Batting: RHB Guy Toussaint 0-0: Ball
1-0: Ball
2-0: Ball
3-0: Called Strike
3-1: Fly out, F9 (Flyball, 9)
Batting: LHB Mario Nieves 0-0: Ball
1-0: Fly out, F4 (Popup, 3S)
Batting: RHB Hyeon-cheong Kim 0-0: Ball
1-0: Ball
2-0: Called Strike
2-1: Foul Ball, location: 2F
2-2: SINGLE (Groundball, 34D)
Pitching: RHP Tim Sandaele
Batting: RHB Andy Putman 0-0: Swinging Strike
0-1: Foul Ball, location: 2F
0-2: Foul Ball, location: 2F
0-2: SINGLE (Groundball, 6MD)
Hyeon-cheong Kim to second
Batting: LHB Weston Doyle 0-0: Ball
1-0: Foul Ball, location: 2F
1-1: Ground out 4-3 (Groundball, 4)
Bottom of the 6th over - 0 runs, 2 hits, 0 errors, 2 left on base; Vermont 5 - Brinkley 1
TOP OF THE 7TH
Vermont Lake Monsters batting - Pitching for Brinkley Belugas : LHP Gertjan van Hulst
Batting: RHB Hsi-men King 0-0: DOUBLE (Line Drive, 8LXD)
Batting: LHB Sébastien Cornu 0-0: Swinging Strike
0-1: Foul Ball, location: 2F
0-2: Ball
1-2: Strikes out swinging
Batting: RHB Marcel Roks 0-0: Swinging Strike
0-1: Swinging Strike
0-2: Strikes out looking
Batting: RHB Jason Slaybaugh 0-0: Called Strike
0-1: Fly out, F8 (Flyball, 8RM)
Top of the 7th over - 0 runs, 1 hit, 0 errors, 1 left on base; Vermont 5 - Brinkley 1
BOTTOM OF THE 7TH
Brinkley Belugas batting - Pitching for Vermont Lake Monsters : RHP Tim Sandaele
Batting: RHB Rio Clark 0-0: Called Strike
0-1: Swinging Strike
0-2: Strikes out looking
Batting: RHB Ronald Comejo 0-0: Foul Ball, location: 2F
0-1: Ball
1-1: Foul Ball, location: 2F
1-2: Foul Ball, location: 2F
1-2: Foul Ball, location: 2F
1-2: Strikes out swinging
Batting: RHB Wu-shiun Wang 0-0: Called Strike
0-1: Foul Ball, location: 2F
0-2: Fly out, F9 (Flyball, 9S)
Bottom of the 7th over - 0 runs, 0 hits, 0 errors, 0 left on base; Vermont 5 - Brinkley 1
TOP OF THE 8TH
Vermont Lake Monsters batting - Pitching for Brinkley Belugas : LHP Gertjan van Hulst
Batting: RHB Ramón Soto 0-0: Ball
1-0: Ground out 5-3 (Groundball, 56S)
Batting: RHB Cosmo Castanhedo 0-0: Ball
1-0: Called Strike
1-1: Foul Ball, location: 2F
1-2: Strikes out swinging
Batting: RHB José Xirau 0-0: Foul Ball, location: 2F
0-1: Called Strike
0-2: Ball
1-2: Ground out 5-3 (Groundball, 56)
Top of the 8th over - 0 runs, 0 hits, 0 errors, 0 left on base; Vermont 5 - Brinkley 1
BOTTOM OF THE 8TH
Brinkley Belugas batting - Pitching for Vermont Lake Monsters : RHP Tim Sandaele
Batting: LHB Travis Towns 0-0: Fly out, F7 (Flyball, 7S)
Batting: RHB Guy Toussaint 0-0: Swinging Strike
0-1: Foul Ball, location: 2F
0-2: Ground out U3 (Groundball, 34S)
Batting: LHB Mario Nieves 0-0: Ball
1-0: Foul Ball, location: 2F
1-1: Called Strike
1-2: Ball
2-2: Strikes out swinging
Bottom of the 8th over - 0 runs, 0 hits, 0 errors, 0 left on base; Vermont 5 - Brinkley 1
TOP OF THE 9TH
Vermont Lake Monsters batting - Pitching for Brinkley Belugas : LHP Gertjan van Hulst
Pitching: RHP Jean-François Chapon
Batting: RHB Gabe Cain 0-0: Foul Ball, location: 2F
0-1: Ball
1-1: Foul Ball, location: 2F
1-2: Foul Ball, location: 2F
1-2: Ground out 6-3 (Groundball, 6)
Batting: RHB Ricardo Téllez 0-0: Ball
1-0: Called Strike
1-1: Ground out 5-3 (Groundball, 56)
Batting: RHB Hsi-men King 0-0: Fly out, F8 (Flyball, 8LM)
Top of the 9th over - 0 runs, 0 hits, 0 errors, 0 left on base; Vermont 5 - Brinkley 1
BOTTOM OF THE 9TH
Brinkley Belugas batting - Pitching for Vermont Lake Monsters : RHP Tim Sandaele
Batting: RHB Hyeon-cheong Kim 0-0: Called Strike
0-1: Swinging Strike
0-2: Ball
1-2: Reached on error, E7 (Flyball, 7LM)
Batting: RHB Andy Putman 0-0: Ball
1-0: Called Strike
1-1: SINGLE (Flyball, 8RM)
Hyeon-cheong Kim to second
Batting: LHB Weston Doyle 0-0: Foul Ball, location: 2F
0-1: Foul Ball, location: 2F
0-2: Ball
1-2: SINGLE (Groundball, 4S) (infield hit)
Hyeon-cheong Kim to third
Andy Putman to second
Pinch Hitting: SHB Jorge Colón 0-0: Foul Ball, location: 2F
0-1: Ball
1-1: Ball
2-1: Ball
3-1: Called Strike
3-2: Foul Ball, location: 2F
3-2: Foul Ball, location: 2F
3-2: Foul Ball, location: 2F
3-2: Foul Ball, location: 2F
3-2: SINGLE (Groundball, 34D)
Hyeon-cheong Kim scores
Andy Putman to third
Weston Doyle to second
Batting: RHB Ronald Comejo 0-0: Ball
1-0: Swinging Strike
1-1: Fly out, F7 (Flyball, 7S)
Pitching: RHP Stewart Fleming
Batting: RHB Wu-shiun Wang 0-0: Ball
1-0: Ball
2-0: Ball
3-0: Called Strike
3-1: SINGLE (Flyball, 8RM)
Andy Putman scores
Weston Doyle to third
Jorge Colón to second
Batting: LHB Travis Towns 0-0: Foul Ball, location: 2F
0-1: Ball
1-1: Called Strike
1-2: Ball
2-2: Strikes out looking
Batting: RHB Guy Toussaint 0-0: Ball
1-0: Ball
2-0: Ball
3-0: Called Strike
3-1: Base on Balls
Weston Doyle scores
Jorge Colón to third
Wu-shiun Wang to second
Batting: LHB Mario Nieves 0-0: Called Strike
0-1: Ball
1-1: Fly out, F8 (Flyball, 8LD)
Bottom of the 9th over - 3 runs, 4 hits, 1 error, 3 left on base; Vermont 5 - Brinkley 4
Friday, March 29th, 2019 - OOTP Baseball 18.8 Build 76